 Dungeon Crawl Stone Soup version 0.28.0 (webtiles) character file.

Game seed: 12389318741209117229

83205 oldriver the Unseen (level 16, 0/129 HPs)
             Began as a Human Wanderer on Feb 11, 2022.
             Was the Champion of Dithmenos.
             Slain by a dire elephant simulacrum (10 damage)
             ... in an ice cave on Feb 12, 2022.
             The game lasted 01:13:47 (27539 turns).

oldriver the Unseen (Human Wanderer)               Turns: 27539, Time: 01:13:54

Health: 0/129      AC: 18    Str: 18    XL:     16   Next: 23%
Magic:  17/17      EV: 18    Int: 18    God:    Dithmenos [******]
Gold:   436        SH: 21    Dex: 22    Spells: 16/17 levels left

rFire   + . .      SeeInvis .   a - +9 quick blade (elec)
rCold   + + .      Faith    .   F - +2 kite shield
rNeg    . . .      Spirit   .   N - +0 troll leather armour
rPois   +          Reflect  +   R - +2 hat "Fepsubots" {rC+ Str+6 Int+6}
rElec   .          Harm     .   X - scarf {rC+ rF+}
rCorr   .          Rampage  .   j - +2 pair of gloves
Will    +....                   V - +2 pair of boots Stlth **++++++++
                                C - amulet of reflection
HPRegen 1.11/turn               O - ring of poison resistance
MPRegen 0.15/turn               M - +4 ring of protection

@: wreathed by umbra
A: no striking features
a: Renounce Religion, Shadow Step, Shadow Form


You were in an ice cave.
You worshipped Dithmenos.
Dithmenos was exalted by your worship.
You visited 3 branches of the dungeon, and saw 18 of its levels.
You also visited: Bailey, Ice Cave and Volcano.

You collected 1326 gold pieces.
You spent 890 gold pieces at shops.

Inventory:

Hand Weapons
 a - a +9 quick blade of electrocution (weapon)
 y - a +0 hunting sling
Missiles
 d - 688 stones (quivered)
 s - 149 sling bullets
 A - 13 poisoned darts
 Z - 6 curare-tipped darts
Armour
 j - a +2 pair of gloves (worn)
 m - the +5 ring mail "Fievuonn" {rN+}
   (You found it on level 3 of the Lair of Beasts)

   rN:        It protects you from negative energy.
 F - a +2 kite shield (worn)
 N - a +0 troll leather armour (worn)
 R - the +2 hat "Fepsubots" (worn) {rC+ Str+6 Int+6}
   (You acquired it on level 5 of the Dungeon)

   Str:       It affects your strength (+6).
   Int:       It affects your intelligence (+6).
   rC:        It protects you from cold.
 V - a +2 pair of boots (worn)
 X - a scarf of resistance (worn)
Jewellery
 k - a +4 ring of evasion
 t - a ring of flight
 C - an amulet of reflection (around neck)
 G - a ring of protection from fire
 K - a ring of willpower
 M - a +4 ring of protection (right hand)
 O - a ring of poison resistance (left hand)
Wands
 o - a wand of iceblast (10)
 p - a wand of polymorph (10)
 w - a wand of charming (14)
 I - a wand of acid (9)
 U - a wand of flame (35)
Scrolls
 e - 9 scrolls of teleportation
 f - a scroll of enchant armour
 g - a scroll of torment {unknown}
 l - a scroll of fog
 r - 3 scrolls of blinking
 v - 2 scrolls of magic mapping
 L - 3 scrolls of fear
 P - 2 scrolls of vulnerability {unknown}
 Q - 2 scrolls of holy word
 S - 2 scrolls of identify
 Y - a scroll of silence
Potions
 b - a potion of might
 h - 5 potions of lignification
 i - 6 potions of curing
 n - a potion of attraction
 q - a potion of flight
 u - 3 potions of resistance
 z - 4 potions of degeneration
 B - 2 potions of heal wounds
 D - a potion of haste
 E - 7 potions of mutation
 H - a potion of magic
 J - 2 potions of berserk rage
 T - 4 potions of brilliance
Miscellaneous
 c - a condenser vane
 x - a phial of floods


   Skills:
 + Level 12.4 Fighting
 - Level 11.0 Short Blades
 - Level 10.0 Armour
 - Level 10.0 Dodging
 * Level 16.5 Stealth
 + Level 13.8 Shields
 - Level 1.0 Spellcasting
 - Level 1.0 Hexes
 - Level 1.0 Evocations


You had 16 spell levels left.
You knew the following spells:

 Your Spells              Type           Power      Damage    Failure   Level
a - Slow                  Hex            16%        N/A       28%         1

Your spell library contained the following spells:

 Spells                   Type           Power      Damage    Failure   Level
 Animate Skeleton         Necr           0%         N/A       38%         1
 Pain                     Necr           0%         1d4       38%         1
 Scorch                   Fire           0%         2d5       54%         2
 Static Discharge         Conj/Air       0%         N/A       54%         2
 Sublimation of Blood     Necr           0%         N/A       54%         2
 Confusing Touch          Hex            4%         N/A       63%         3
 Inner Flame              Hex/Fire       2%         N/A       71%         3
 Summon Guardian Golem    Hex/Summ       2%         N/A       71%         3
 Vampiric Draining        Necr           0%         2d6       77%         3
 Cause Fear               Hex            2%         N/A       95%         4
 Animate Dead             Necr           0%         N/A       99%         4
 Flame Wave               Conj/Fire      0%         2d4       99%         4
 Petrify                  Tmut/Erth      0%         N/A       99%         4
 Summon Ice Beast         Ice/Summ       0%         N/A       99%         4
 Irradiate                Conj/Tmut      0%         3d14      100%        5
 Lightning Bolt           Conj/Air       0%         1d11      100%        5
 Metabolic Englaciation   Hex/Ice        1%         N/A       100%        5
 Summon Mana Viper        Hex/Summ       2%         N/A       100%        5
 Yara's Violent Unravell  Hex/Tmut       1%         3d3       100%        5
 Statue Form              Tmut/Erth      0%         N/A       100%        6
 Summon Cactus Giant      Summ           0%         N/A       100%        6
 Enfeeble                 Hex            2%         N/A       100%        7
 Haunt                    Necr/Summ      0%         N/A       100%        7
 Monstrous Menagerie      Summ           0%         N/A       100%        7
 Discord                  Hex            2%         N/A       100%        8
 Infestation              Necr           0%         N/A       100%        8
 Maxwell's Capacitive Co  Air            0%         ∞         100%        8


Dungeon Overview and Level Annotations

Branches:
Dungeon (11/15)            Temple (0/1) D:7            Lair (6/6) D:9
  Swamp (0/4) Lair:2       Spider (1/4) Lair:3        Slime (0/5) Lair:5
    Orc (0/2) D:11         Bailey (visited)           IceCv (1/1)
Volcano (visited)

Altars:
Cheibriados
Dithmenos
Elyvilon
Hepliaklqana
Kikubaaqudgha
Nemelex Xobeh
Qazlal
Ru
Uskayaw
Vehumet
Wu Jian
Zin
The Shining One
Jiyva

Shops:
D:5 ?

Annotations:
D:10 2 transporters, ragingrage's ghost, novice MiBe
D:11 Fannar
Lair:5 1 runed translucent door


Message History

You block the blizzard demon's attack. x2
You hit the blizzard demon but do no damage.
The blizzard demon is severely wounded.
You hit the blizzard demon.
The blizzard demon is almost dead.
You block the minotaur simulacrum's attack.
The minotaur simulacrum misses you.
You block the dire elephant simulacrum's attack. x2
You closely miss the blizzard demon.
The blizzard demon is almost dead.
Your shadow hits the blizzard demon with a quick blade.
The blizzard demon waves its arms in wide circles.
The air twists around and strikes you!
You hit the blizzard demon.
The blizzard demon is almost dead.
Your shadow hits the blizzard demon but does no damage.
You barely miss the blizzard demon.
The blizzard demon is almost dead.
Your shadow hits the blizzard demon with a quick blade.
You block the dire elephant simulacrum's attack.
The dire elephant simulacrum trunk-slaps you.
The dire elephant simulacrum freezes you!
You resist.
* * * LOW HITPOINT WARNING * * *
The blizzard demon misses you. The blizzard demon barely misses you.
Okay, then.
Nothing appears to happen.
You block the minotaur simulacrum's attack.
The minotaur simulacrum gores you.
* * * LOW HITPOINT WARNING * * *
The minotaur simulacrum freezes you! You resist.
* * * LOW HITPOINT WARNING * * *
The dire elephant simulacrum tramples you.
* * * LOW HITPOINT WARNING * * *
You hold your ground!
The dire elephant simulacrum trunk-slaps you!
* * * LOW HITPOINT WARNING * * *
The dire elephant simulacrum freezes you!
You resist.
You die...

## .## ..### ####
...## #...### ..§###
..##..## ##§§§.#
#####..# ##Z§§§.#
...#..##########@Z§§#
.#..#...##...##°§2###
########...##○°☼###
##########


You could see a blizzard demon, a dire elephant simulacrum and a minotaur
simulacrum.

Vanquished Creatures
  Rupert (Lair:6)
  Gastronok (Lair:3)
  A ghost moth (Spider:1)
  Aizul (Spider:1)
  A blizzard demon (IceCv)
  6 hydras
  A catoblepas (Lair:6)
  A jorogumo (Lair:3)
  5 two-headed ogres
  20 death yaks
  A hell knight (Volcano)
  A steelbarb worm (Lair:3)
  An obsidian statue (IceCv)
  3 bog bodies
  10 spriggan simulacra (IceCv)
  Pikel (D:6)
  2 orc knights (Bailey)
  2 ugly things
  3 wolf spiders
  Maurice (D:10)
  18 elephants
  A guardian serpent (Lair:6)
  An ice statue (Spider:1)
  6 centaur zombies
  4 black mambas
  2 molten gargoyles (Volcano)
  A smoke demon (Volcano)
  15 cane toads
  A gargoyle (D:10)
  A demonic crawler (Lair:3)
  An anaconda simulacrum (IceCv)
  A freezing wraith (IceCv)
  A kobold demonologist (D:10)
  6 komodo dragons
  A rime drake (Lair:5)
  An ice devil (IceCv)
  2 red devils (Volcano)
  An entropy weaver simulacrum (IceCv)
  3 trolls
  2 hornets (Lair:6)
  3 meliai
  3 tarantellas
  A polar bear (Lair:1)
  5 blink frogs (Lair:6)
  11 dream sheep (Lair:6)
  Sigmund (D:4)
  A spriggan (D:10)
  45 yaks
  16 wyverns
  2 fire bats (Volcano)
  2 dire elephant simulacra (IceCv)
  4 basilisks
  2 minotaur simulacra (IceCv)
  4 redbacks (Lair:6)
  3 steam dragons
  2 swamp worms (Lair:2)
  24 water moccasins
  6 ogres
  10 orc warriors
  2 ice beasts (D:7)
  An ettin simulacrum (IceCv)
  2 sky beasts
  An alligator simulacrum (IceCv)
  A black bear (D:7)
  32 wolves
  12 centaurs
  A lemure (D:6)
  A phantom (D:5)
  Blork the orc (D:6)
  2 kobold brigands
  7 bullfrogs
  2 wyvern zombies
  7 scorpions
  2 water moccasin zombies
  4 wyvern skeletons
  6 deep troll simulacra (IceCv)
  A water moccasin skeleton (D:6)
  18 wights
  11 killer bees
  2 lindwurm simulacra (IceCv)
  5 howler monkeys
  6 electric eels
  2 bullfrog zombies
  6 lava snakes (Volcano)
  A jelly (D:8)
  2 gnoll shamans
  4 orc priests
  3 centaur skeletons
  8 hounds
  Crazy Yiuf (D:6)
  An iguana (D:2)
  Ijyb (D:3)
  7 hell rats (Lair:4)
  8 orc wizards
  2 killer bee zombies (D:7)
  A hound skeleton (D:4)
  Robin (D:3)
  A howler monkey zombie (D:7)
  8 gnolls
  7 adders
  A shadow imp (D:7)
  2 worms (Lair:3)
  A dart slug (D:4)
  25 orcs
  5 ball pythons
  3 endoplasms
  2 giant cockroaches
  12 goblins
  13 hobgoblins
  10 kobolds
  2 quokkas (D:1)
  7 bats
  3 frilled lizards (D:2)
  5 rats
559 creatures vanquished.

Vanquished Creatures (others)
  An orc wizard (D:7)
  23 fungi
  72 plants
  2 withered plants (D:7)
98 creatures vanquished.

Grand Total: 657 creatures vanquished

Notes
Turn   | Place    | Note
-------+----------+-------------------------------------------
     0 | D:1      | oldriver the Human Wanderer began the quest for the Orb.
     0 | D:1      | oldriver set off with the following items: a +0 dagger, a
                  | potion of attraction, a +2 leather armour; and the
                  | following spell memorised: Slow; and the following spells
                  | available to memorise: Summon Guardian Golem
     0 | D:1      | Reached XP level 1. HP: 15/15 MP: 2/2
   487 | D:1      | Found a faded altar of an unknown god.
   492 | D:1      | Prayed at the altar of an unknown god.
   492 | D:1      | Became a worshipper of Dithmenos the Shadowed
   492 | D:1      | Reached * piety under Dithmenos
   621 | D:1      | Reached XP level 2. HP: 14/21 MP: 3/3
  1100 | D:1      | Reached skill level 1 in Stealth
  1115 | D:1      | Reached skill level 1 in Short Blades
  1627 | D:2      | Reached XP level 3. HP: 27/27 MP: 4/4
  1912 | D:2      | Reached ** piety under Dithmenos
  1966 | D:2      | Reached skill level 2 in Stealth
  1966 | D:2      | Reached XP level 4. HP: 21/33 MP: 5/5
  2341 | D:3      | Noticed Ijyb
  2489 | D:3      | Killed Ijyb
  2490 | D:3      | Reached XP level 5. HP: 37/39 MP: 6/6
  3273 | D:4      | Noticed Edmund
  3383 | D:4      | Noticed Sigmund
  3688 | D:3      | Reached skill level 3 in Stealth
  4455 | D:4      | Noticed Edmund
  4455 | D:4      | Edmund changed into Edmund the bat
  4458 | D:4      | Killed Edmund the bat
  4531 | D:4      | Noticed Robin
  4587 | D:3      | Killed Robin
  4588 | D:3      | Reached XP level 6. HP: 47/47 MP: 7/7
  4881 | D:4      | Found a white marble altar of Elyvilon.
  5073 | D:4      | Reached skill level 4 in Stealth
  5073 | D:4      | Reached XP level 7. HP: 52/52 MP: 8/8
  5304 | D:4      | Killed Sigmund
  5305 | D:4      | Reached skill level 5 in Stealth
  5603 | D:5      | Entered Level 5 of the Dungeon
  5619 | D:5      | Found a stormy altar of Qazlal.
  5619 | D:5      | Noticed a water moccasin
  5622 | D:5      | Killed a water moccasin
  5623 | D:5      | Reached XP level 8. HP: 60/60 MP: 9/9
  5625 | D:5      | Found Hotsic's Magic Scroll Shoppe.
  5759 | D:5      | Found a snail-covered altar of Cheibriados.
  5810 | D:5      | Reached skill level 6 in Stealth
  5881 | D:5      | Found a hazy altar of Hepliaklqana.
  6310 | D:4      | Reached skill level 5 in Fighting
  6317 | D:5      | Reached XP level 9. HP: 68/68 MP: 10/10
  6431 | D:6      | Reached skill level 5 in Short Blades
  6431 | D:6      | Reached skill level 7 in Stealth
  6715 | D:6      | Found a sacrificial altar of Ru.
  6734 | D:6      | Reached skill level 8 in Stealth
  6940 | D:6      | Reached *** piety under Dithmenos
  7000 | D:6      | Noticed Blork the orc
  7013 | D:6      | Killed Blork the orc
  7187 | D:6      | Reached skill level 5 in Armour
  7187 | D:6      | Reached skill level 1 in Shields
  7342 | D:6      | Found a runed translucent door.
  7343 | D:6      | Noticed Crazy Yiuf
  7401 | D:6      | Noticed Pikel
  7412 | D:6      | Killed Pikel
  7413 | D:6      | Reached XP level 10. HP: 63/76 MP: 11/11
  7488 | D:6      | Found a glowing silver altar of Zin.
  7643 | D:5      | Reached skill level 9 in Stealth
  7852 | D:6      | Found a glowing golden altar of the Shining One.
  8024 | D:6      | Killed Crazy Yiuf
  8351 | D:7      | Found a radiant altar of Vehumet.
  8474 | D:7      | Found a staircase to the Ecumenical Temple.
  8584 | D:7      | Found an ancient bone altar of Kikubaaqudgha.
  8884 | D:7      | Noticed a two-headed ogre
  9049 | D:7      | Noticed a cyan ugly thing
  9188 | D:7      | Reached skill level 10 in Stealth
  9283 | D:7      | Reached **** piety under Dithmenos
 10118 | D:8      | Found a hide-covered altar of Uskayaw.
 10223 | D:8      | Reached XP level 11. HP: 74/84 MP: 12/12
 10844 | D:8      | Found an ornate altar of the Wu Jian Council.
 11190 | D:9      | Noticed a two-headed ogre
 11205 | D:9      | Killed a two-headed ogre
 11206 | D:9      | Reached skill level 11 in Stealth
 11270 | D:9      | Found a flagged portal.
 11304 | Bailey   | Entered a bailey
 11510 | Bailey   | Reached ***** piety under Dithmenos
 11516 | Bailey   | Noticed an orc knight
 11516 | Bailey   | Noticed an orc knight
 11578 | Bailey   | Killed an orc knight
 11579 | Bailey   | Reached skill level 5 in Shields
 11756 | Bailey   | Killed an orc knight
 12005 | D:9      | Found a staircase to the Lair.
 12034 | D:9      | Noticed a two-headed ogre
 12036 | D:9      | Killed a two-headed ogre
 12163 | D:9      | Noticed a two-headed ogre
 12277 | D:9      | Killed a two-headed ogre
 12503 | D:9      | Noticed a two-headed ogre
 12518 | D:9      | Killed a two-headed ogre
 12519 | D:9      | Reached skill level 12 in Stealth
 12519 | D:9      | Reached XP level 12. HP: 79/92 MP: 13/13
 12701 | Lair:1   | Entered Level 1 of the Lair of Beasts
 12890 | Lair:1   | Noticed a four-headed hydra
 12975 | Lair:1   | Killed a four-headed hydra
 13604 | Lair:2   | Noticed a death yak
 13606 | Lair:2   | Noticed a death yak
 13625 | Lair:2   | Noticed a seven-headed hydra
 13977 | Lair:2   | Noticed a death yak
 14011 | Lair:3   | Noticed Gastronok
 14241 | Lair:2   | Noticed a four-headed hydra
 14402 | Lair:3   | Found a hole to the Spider Nest.
 14517 | Lair:2   | Noticed a death yak
 14758 | D:10     | Entered Level 10 of the Dungeon
 14765 | D:10     | Noticed Maurice
 15048 | D:10     | Killed Maurice
 15168 | D:10     | Found a transporter.
 15597 | D:10     | Found a transporter.
 15675 | D:10     | Noticed ragingrage's ghost (novice MiBe)
 15676 | D:10     | Noticed a centaur warrior
 15686 | D:10     | Noticed a two-headed ogre
 16070 | D:11     | Noticed Fannar
 16371 | D:10     | Reached XP level 13. HP: 101/101 MP: 14/14
 16816 | D:11     | Found a staircase to the Orcish Mines.
 17059 | D:5      | Bought a scroll of acquirement for 676 gold pieces
 17062 | D:5      | Acquired the +2 hat "Fepsubots" {rC+ Str+6 Int+6}
 17765 | Lair:1   | Killed a seven-headed hydra
 18368 | Lair:2   | Killed a four-headed hydra
 18480 | Lair:2   | Found a staircase to the Swamp.
 18907 | Lair:3   | Reached skill level 13 in Stealth
 19239 | Lair:3   | Identified the +5 ring mail "Fievuonn" {rN+}
 19339 | Lair:3   | Reached skill level 10 in Short Blades
 19367 | Lair:3   | Reached skill level 10 in Fighting
 19384 | Lair:3   | Reached skill level 10 in Shields
 19650 | Lair:3   | Killed Gastronok
 20070 | Lair:4   | Reached XP level 14. HP: 110/110 MP: 15/15
 21652 | Lair:5   | Found a dark tunnel.
 21667 | Volcano  | Entered a volcano
 22035 | Volcano  | Found a burning altar of Makhleb.
 23196 | D:7      | Reached ****** piety under Dithmenos
 23335 | D:5      | Bought a scroll of enchant weapon for 97 gold pieces
 23335 | D:5      | Bought a scroll of teleportation for 39 gold pieces
 23335 | D:5      | Bought a scroll of teleportation for 39 gold pieces
 23335 | D:5      | Bought a scroll of teleportation for 39 gold pieces
 23738 | Lair:5   | Found a runed translucent door.
 23741 | Lair:5   | Noticed an azure jelly
 23742 | Lair:5   | Found a viscous altar of Jiyva.
 23743 | Lair:5   | Found a staircase to the Slime Pits.
 23743 | Lair:5   | Noticed an azure jelly
 23743 | Lair:5   | Noticed an azure jelly
 23743 | Lair:5   | Noticed an azure jelly
 23914 | Lair:5   | Found a sparkling altar of Nemelex Xobeh.
 24285 | Lair:6   | Entered Level 6 of the Lair of Beasts
 24413 | Lair:6   | Noticed Rupert
 24676 | Lair:6   | Reached skill level 14 in Stealth
 24868 | Lair:6   | Reached XP level 15. HP: 107/118 MP: 16/16
 25317 | Lair:6   | Reached skill level 10 in Dodging
 25368 | Lair:6   | Reached skill level 10 in Armour
 25469 | Lair:6   | Reached skill level 15 in Stealth
 26030 | Lair:6   | Killed Rupert
 26402 | Spider:1 | Entered Level 1 of the Spider Nest
 26605 | Spider:1 | Killed a ghost moth
 26704 | Spider:1 | Noticed Aizul
 26714 | Spider:1 | Killed Aizul
 26744 | Spider:1 | Found a frozen archway.
 26765 | IceCv    | Entered an ice cave
 26798 | IceCv    | Reached skill level 16 in Stealth
 26829 | IceCv    | Reached XP level 16. HP: 127/127 MP: 17/17
 27539 | IceCv    | Slain by a dire elephant simulacrum

Illustrated notes

Levels and vault maps discovered:
D:1:      nicolae_arrival_somewhat_less_tricky_arrival, layout_loops_cross,
          nicolae_ecumenical_lake_church
D:2:      wad_pebble_path, layout_rooms, nicolae_concentric_dashed_squares_mild,
          hangedman_decor_points, due_unseen_surprise
D:3:      layout_basic, uniq_ijyb
D:4:      layout_rooms, lemuel_tele_altar, serial_bayou_ford_a, uniq_sigmund,
          uniq_edmund, uniq_robin
D:5:      layout_rooms, mainiacjoe_overflow_concentric_impassable,
          lemuel_crystal_altar, mainiacjoe_overflow_cross_hatched, serial_shops,
          nicolae_shop_advertising_works [nicolae_subvault_shop_adworks]
D:6:      layout_cave_pools, lemuel_crystal_altar, tso_altar,
          mainiacjoe_overflow_paths, st_stairs_1, kennysheep_generic_room_15,
          uniq_crazy_yiuf_cottage, uniq_pikel, uniq_blork_the_orc
D:7:      minmay_thinvault, layout_basic, kiku_gazebo_garden_becter,
          vehumet_crystals, minmay_temple_entry_glass, wad_mini_maze
D:8:      layout_basic, mainiacjoe_overflow_tiny_flanked,
          mainiacjoe_overflow_24_doors, chequers_serial_rivers_small_3
D:9:      layout_roguey, erik_lair_island, enter_bailey_4, lemuel_flamethrower_2
D:10:     layout_cave_pods, nzn_ghost_randoct, kennysheep_generic_room_12,
          uniq_maurice
D:11:     layout_irregular_city, serial_glass, glass_columns_a, glass_columns_a,
          the_hattery, uniq_fannar
Lair:1:   layout_small_grid, serial_bayou_lake_a, grunt_megastairs_5
Lair:2:   layout_roguey, nicolae_swamp_entry_splash_gauntlet
Lair:3:   layout_cave_pods, nicolae_spider_entry_non_spiders, uniq_gastronok
Lair:4:   layout_cave_pods, serial_bayou_shore_a, serial_bayou_shore_b,
          infiniplex_staircase_pool_2, grunt_megastairs_4
Lair:5:   layout_small_grid, slime_altar_2, enter_volcano_2,
          lemuel_centaur_altar
Lair:6:   hangedman_lair_tendril_chambers, layout_regular_city, wormcave,
          chequers_serial_rivers_marsh, chequers_serial_rivers_small_b,
          uniq_rupert
Spider:1: layout_spider_delve, portal_ice_cave_entry_ice_statue_one,
          uniq_donald, uniq_aizul
IceCv:    ice_cave_caverns_03

Skill      XL: |  1  2  3  4  5  6  7  8  9 10 11 12 13 14 15 |
---------------+----------------------------------------------+-----
Stealth        | 1 2 3 4 5 6 8 10 12 13 14 16 | 16.5
Short Blades   | 1 2 3 4 6 7 8 9 10 11 | 11.0
Fighting       | 2 3 4 5 6 7 8 9 10 11 12 | 12.4
Armour         | 2 3 5 6 7 8 9 10 | 10.0
Shields        | 2 4 5 8 10 11 13 | 13.8
Dodging        | 6 7 8 9 10 | 10.0
Spellcasting   | |  1.0
Hexes          | |  1.0
Evocations     | |  1.0

Action                   |  1- 3 |  4- 6 |  7- 9 | 10-12 | 13-15 | 16-18 || total
-------------------------+-------+-------+-------+-------+-------+-------++-------
Melee: Dagger            |    58 |       |     2 |       |       |       ||    60
       Punch             |     3 |       |     3 |       |       |       ||     6
       Whip              |    42 |    91 |   212 |   363 |   156 |       ||   864
       Unarmed           |       |    11 |       |       |       |       ||    11
       Short sword       |       |       |       |   860 |   884 |       ||  1744
       Quick blade       |       |       |       |       |   781 |   136 ||   917
 Fire: Hunting sling     |     4 |    37 |    25 |    21 |       |       ||    87
Throw: Stone             |    26 |     4 |    16 |    23 |     4 |       ||    73
       Dart              |       |       |    25 |    23 |     7 |       ||    55
       Throwing net      |       |       |       |     2 |       |       ||     2
       Boomerang         |       |       |       |     5 |     1 |       ||     6
 Cast: Slow              |     2 |       |       |       |       |       ||     2
Evoke: Wand              |       |     4 |     3 |     1 |     3 |       ||    11
       Phial of floods   |       |       |       |       |     1 |       ||     1
       Condenser vane    |       |       |       |       |     1 |     1 ||     2
  Use: Scroll            |       |     8 |     3 |    10 |    18 |       ||    39
       Potion            |       |       |     1 |       |     4 |       ||     5
 Stab: Sleeping          |     5 |       |     3 |    41 |    47 |     9 ||   105
       Confused          |       |     1 |       |       |     1 |       ||     2
       Distracted        |       |     1 |       |       |     5 |     1 ||     7
Armor: Leather armour    |    44 |    52 |    75 |    59 |       |       ||   230
       Skin              |       |     2 |       |       |       |       ||     2
       Troll leather arm |       |       |       |   146 |   275 |    11 ||   432
Dodge: Dodged            |   116 |    91 |   173 |   423 |   590 |    22 ||  1415
Block: Other             |       |       |    19 |       |       |       ||    19
       Kite shield       |       |       |    69 |  1104 |  1358 |    60 ||  2591
       Reflection        |       |       |     2 |    25 |    30 |       ||    57
